 Dungeon Crawl Stone Soup version 0.19.0-18-g426998a (webtiles) character file.

536069 Jarno the Slayer (level 26, -3/186 HPs)
             Began as a Gargoyle Monk on Nov 10, 2016.
             Was a High Priest of Trog.
             Killed from afar by a hellion (20 damage)
             ... with damnation
             ... summoned by a deep elf demonologist
             ... on level 5 of the Vaults on Nov 11, 2016.
             The game lasted 03:16:51 (57196 turns).

Jarno the Slayer (Gargoyle Monk)                   Turns: 57196, Time: 03:16:52

Health: -3/186     AC: 74    Str: 24    XL:     26   Next: 38%
Magic:  0/27       EV:  9    Int: 14    God:    Trog [*****.]
Gold:   1779       SH:  0    Dex: 12    Spells: 0 memorised, 25 levels left

rFire  + . .     SeeInvis +     a - +9 great mace (crush)
rCold  + + .     Gourm    .     K - +8 crystal plate armour {rC+}
rNeg   + + +     Faith    .     (shield currently unavailable)
rPois  ∞         Spirit   +     W - +2 hat of the Land of Plenty {rN++ Slay+3 SInv}
rElec  +         Reflect  .     o - +2 cloak {MR+}
rCorr  .         Harm     .     l - +1 pair of gloves
MR     ++...                    E - +2 pair of boots {run}
Stlth  ..........               G - amulet of guardian spirit
                                H - +5 ring of protection
                                B - ring "Cunimm" {rF+ rC+}

@: exhausted, flying, very slightly contaminated, slowed, very slow
A: big wings, low mp 1, negative energy resistance 1, electricity resistance,
unbreathing, petrification resistance, rot immunity, AC +19
a: Stop Flying, Berserk, Trog's Hand, Brothers in Arms, Burn Spellbooks,
Renounce Religion
}: 2/15 runes: decaying, serpentine


You were on level 5 of the Vaults.
You worshipped Trog.
Trog was extremely pleased with you.
You were very hungry.

You visited 8 branches of the dungeon, and saw 42 of its levels.
You visited the Abyss 1 time.
You also visited: Ice Cave.

You collected 5793 gold pieces.
You spent 4014 gold pieces at shops.

Inventory:

Hand Weapons
 a - a +9 great mace of crushing (weapon)
 b - the +5 arbalest "Aciesaptuo" {penet, MR+ MP-9 Dex+6}
   (You found it on level 3 of the Elven Halls)

   Ammo fired by it will pass through the targets it hits, potentially hitting
   all targets in its path until it reaches maximum range.
   It affects your dexterity (+6).
   It affects your resistance to hostile enchantments.
   It affects your magic capacity (-9).
 P - the +5 triple crossbow of Extremism {freeze, rF+ rC- Str+9 Stlth-}
   (Okawaru gifted it to you on level 2 of the Lair of Beasts)

   It causes projectiles fired from it to freeze those they strike, causing
   extra injury to most foes and up to half again as much damage against
   particularly susceptible opponents.
   They can also slow down cold-blooded creatures.
   It affects your strength (+9).
   It protects you from fire.
   It makes you vulnerable to cold.
   It makes you less stealthy.
 Z - a +1 great mace of protection
Missiles
 k - 2047 bolts
Armour
 l - a +1 pair of gloves (worn)
 o - a +2 cloak of magic resistance (worn)
 E - a +2 pair of boots of running (worn)
 K - a +8 crystal plate armour of cold resistance (worn)
 W - the +2 hat of the Land of Plenty (worn) {rN++ Slay+3 SInv}
   (Okawaru gifted it to you on level 4 of the Vaults)

   It affects your accuracy and damage with ranged weapons and melee attacks
   (+3).
   It greatly protects you from negative energy.
   It lets you see invisible.
Jewellery
 q - an uncursed ring of protection from fire
 z - an uncursed amulet of harm {unknown}
 B - the ring "Cunimm" (left hand) {rF+ rC+}
   (You found it on level 3 of the Swamp)

   [ring of protection from cold]

   It protects you from fire.
   It protects you from cold.
 G - an amulet of guardian spirit (around neck)
 H - a +5 ring of protection (right hand)
Wands
 I - a wand of digging (13/24)
 L - a wand of disintegration (18/24)
 R - a wand of teleportation (6/9)
Scrolls
 d - 10 scrolls of teleportation
 f - 2 scrolls of silence
 j - 7 scrolls of identify
 p - a scroll of enchant weapon
 v - 8 scrolls of recharging
 C - 4 scrolls of enchant armour
 F - 8 scrolls of fear
 S - 3 scrolls of holy word
 U - 7 scrolls of magic mapping
 V - 23 scrolls of remove curse
 X - 10 scrolls of blinking
 Y - 9 scrolls of fog
Potions
 e - 6 potions of haste
 g - 10 potions of curing
 h - a potion of magic
 n - 2 potions of resistance
 s - 4 potions of heal wounds
 u - 2 potions of ambrosia
 w - 4 potions of berserk rage
 x - 3 potions of invisibility
 D - 2 potions of might
 J - 4 potions of cure mutation
 M - 3 potions of cancellation
 N - a potion of brilliance
 O - 12 potions of agility
Books
 y - a book of Air

   Spells                             Type                      Level
   a - Shock                          Conjuration/Air              1
   b - Swiftness                      Charms/Air                   2
   c - Repel Missiles                 Charms/Air                   2
   d - Static Discharge               Conjuration/Air              3
   e - Lightning Bolt                 Conjuration/Air              5
   Trog disapproves of the use of such an item.
Miscellaneous
 i - 3 boxes of beasts
 m - a sack of spiders
 r - a lamp of fire
 Q - a fan of gales
Comestibles
 c - 25 bread rations
 A - 14 meat rations


   Skills:
 + Level 24.5 Fighting
 + Level 21.5 Maces & Flails
   Level 1.1 Slings
   Level 2.3 Bows
 * Level 18.1 Crossbows
 * Level 23.2 Armour
 + Level 6.2 Dodging
 - Level 2.1 Stealth
   Level 10.3 Invocations
 + Level 3.2 Evocations


You had 25 spell levels left.
You didn't know any spells.

Dungeon Overview and Level Annotations

Branches:
Dungeon (15/15)            Temple (0/1) D:7            Lair (6/6) D:9
  Swamp (4/4) Lair:3        Snake (4/4) Lair:2        Slime (0/5) Lair:6
    Orc (2/2) D:9             Elf (3/3) Orc:2        Vaults (5/5) D:14
  Crypt (0/3) Vaults:3     Depths (3/5) D:15

Altars:
Elyvilon
Fedhas
Kikubaaqudgha
Makhleb
Okawaru
Trog
Vehumet
Yredelemnul
Zin
The Shining One
Jiyva

Shops:
D:12 *   D:14 [?[**   Orc:2 **[=(   Elf:1 !   Elf:2 =   Snake:3 ?
Depths:1 (=}=*   Depths:3 %(

Portals:
Hell: Depths:1 Depths:2 Depths:3
Abyss: Depths:1 Depths:2 Depths:3
Pandemonium: Depths:3
Trove: D:10 (give +3 shadow dragon scales)

Annotations:
D:3 Sigmund
D:6 eristetty alue, yaktaur
Elf:2 5 runed doors


Innate Abilities, Weirdness & Mutations

You are resistant to torment.
Your stone body is resilient. (AC +19)
You are immune to poison.
Your large and strong wings let you fly indefinitely.
You resist negative energy. (rN+)
You are resistant to electric shocks. (rElec)
You can survive without breathing.
You are immune to petrification.
You are immune to rotting.
Your magical capacity is low. (-10% MP)


Message History

The golden dragon breathes fire at you. The bolt of fire hits you!
The ancient lich barely misses you.
You hear a shout! x3
Blink to where?
Press: ? - help, Dir - move target cursor You are very lightly contaminated with residual magic.
As you read the scroll of blinking, it crumbles to dust.
A skeleton and a simulacrum come into view.
Your surroundings suddenly seem different.
The hellion gestures at you.
The sphere of damnation explodes!
The damnation engulfs you!
* * * LOW HITPOINT WARNING * * *
The ynoxinul gestures.
You hear a screech!
You hear a shout!
You hear a screech!
You hear a shout! x2
The hellion gestures at you.
The sphere of damnation explodes!
The damnation engulfs you!
* * * LOW HITPOINT WARNING * * *
The hellion gestures at you.
The sphere of damnation explodes!
The damnation engulfs you!
You die...

)......#...$#...,,,..,,,,,,,,,,,,
##x###.#....#..#*,..,**,,,,,**,,,
#*###.#...5#..##.#*,**,,,,,**,**
##X##C2#.(.3#.....##.,,,,,,,,,,**
x)e)1eO3.2.....C..C..,,,,,,,,,,,,
######45......##########*********
,....5.....(x...........,,,,,,,,,
,........<<.5.5[.$......,,,,,,,,,
........<..<.5..@.......,,,,,,,,,
.........<<.............,,,,,,,,,
######........##########*********
*****#...........,,,,,,,,,,,,,,,,
,,,,.'##....#.....,,,,,*****,,,,,
**+...,#....#.....,,,,,*,,,*,,,,,
,,#.,,,#....#..###**,,,+,,,*,,,**
,,#,,,,#....#,.#,,,*,,,*,,,*,,,*,
**+,,,,#)...#,,+,,,*,,,*****,,,+,


You could see a hellion, a ynoxinul, 4 ufetubi and a crawling corpse.

Vanquished Creatures
  Mara (Snake:4)
  Frederick (Vaults:5)
  Saint Roka (Vaults:5)
  Bai Suzhen (Vaults:2)
  Vashnia (Snake:2)
  A caustic shrike (Depths:3)
  Nikola (Swamp:3)
  Jory (Vaults:2)
  2 golden dragons (Vaults:5)
  the Enchantress (Depths:1)
  2 liches
  Jorgrun (Snake:2)
  3 tentacled monstrosities
  10 deep elf blademasters
  Asterion (Vaults:2)
  6 deep elf master archers
  16 titans
  A sphinx (D:12)
  Frances (D:14)
  Gastronok (Lair:2)
  The ghost of Bluestream the Bludgeoner, an adept MiFi of the Shining One (Snake:3)
  2 thorn hunters
  Kirke (D:14)
  5 tengu reavers
  7 storm dragons
  A shadow dragon (Vaults:5)
  6 nagarajas
  Roxanne (Snake:2)
  16 frost giants
  A balrug (Depths:1)
  3 iron dragons (Vaults:5)
  9 deep elf sorcerers
  21 fire giants
  Aizul (Snake:2)
  2 orc warlords
  6 deep elf elementalists
  3 spriggan defenders (Depths:1)
  19 vault wardens
  Louise (D:14)
  33 stone giants
  2 war gargoyles (Vaults:5)
  16 ironheart preservers
  A green draconian (Elf:3)
  18 very ugly things
  Nessos (D:13)
  3 entropy weavers
  2 deep elf demonologists
  A white draconian (Depths:1)
  2 purple draconians (Depths:1)
  14 deep elf annihilators
  2 red draconians (Depths:1)
  3 yellow draconians
  A mottled draconian (Depths:1)
  14 ettins
  An ettin (shapeshifter) (Vaults:5)
  12 deep elf death magi
  15 fire dragons
  13 yaktaur captains
  7 deep elf high priests
  5 great orbs of eyes (Depths:3)
  15 ogre magi
  31 hydras
  Josephine (Lair:5)
  38 vault guards
  15 naga warriors
  9 rakshasas
  3 anacondas
  3 death knights
  7 ice dragons
  The ghost of Malachi the Covert, a journeyman DsAs of Dithmenos (D:11)
  2 ghost crabs
  A catoblepas (Depths:1)
  3 deep troll shamans
  4 alligators
  10 centaur warriors
  16 dancing weapons
  2 vampire magi
  10 deep troll earth magi
  9 death yaks
  A death yak (shapeshifter) (Vaults:5)
  4 shock serpents
  6 orc high priests
  2 hell knights
  Nergalle (D:10)
  29 naga sharpshooters
  A spriggan berserker (Depths:2)
  6 tengu warriors
  The ghost of Andry07 the Protected, a novice GrFi of Okawaru (D:11)
  Sonja (Lair:2)
  22 deep elf knights
  2 sun demons (Depths:1)
  A shadow wraith (Vaults:5)
  12 deep trolls
  An unseen horror (shapeshifter) (Vaults:5)
  4 glowing orange brains
  2 salamander mystics (Snake:3)
  4 spriggan druids
  A flayed ghost (Vaults:2)
  6 sea snakes (Snake:2)
  A glowing orange brain (shapeshifter) (Depths:2)
  8 large abominations
  5 unseen horrors
  6 naga ritualists
  8 swamp dragons
  A swamp dragon (shapeshifter) (Depths:3)
  6 wizards
  12 hill giants
  19 deep elf archers
  9 mana vipers
  A wolf spider zombie (D:15)
  3 necromancers
  3 phantasmal warriors
  15 ironbrand convokers
  4 shambling mangroves
  A lindwurm (Lair:6)
  67 deep elf magi
  A lindwurm (shapeshifter) (Vaults:5)
  17 orc knights
  44 ugly things
  A shining eye (shapeshifter) (Depths:2)
  12 orc sorcerers
  2 manticores
  5 wolf spiders
  13 cyclopes
  3 elephants (Lair:4)
  7 salamanders
  A salamander (shapeshifter) (Depths:3)
  3 centaur zombies
  3 molten gargoyles (Lair:6)
  4 guardian serpents
  15 vault sentinels
  35 black mambas
  An apocalypse crab (Abyss:3)
  A guardian serpent (shapeshifter) (D:6)
  A gargoyle (D:13)
  20 naga magi
  An eye of devastation (shapeshifter) (Vaults:1)
  4 kobold demonologists
  12 spiny frogs
  2 ice statues (IceCv)
  4 centaur skeletons
  52 yaktaurs
  A yaktaur (shapeshifter) (Vaults:4)
  12 komodo dragons
  3 rime drakes
  7 freezing wraiths
  9 small abominations
  11 ice devils (IceCv)
  7 tengu conjurers
  14 trolls
  A queen bee (shapeshifter) (Depths:2)
  2 jumping spiders (shapeshifter)
  5 polar bears
  A jumping spider (Vaults:4)
  A troll (shapeshifter) (Vaults:5)
  Prince Ribbit (D:7)
  A meliai (shapeshifter) (Vaults:1)
  A two-headed ogre (shapeshifter) (Vaults:3)
  11 tyrant leeches
  19 two-headed ogres
  20 hornets
  6 bog bodies
  6 blink frogs (Lair:2)
  A harpy skeleton (D:15)
  A dream sheep (shapeshifter) (Elf:3)
  2 raiju (shapeshifter)
  A meliai zombie (D:15)
  4 dream sheep (Lair:4)
  8 hippogriffs
  61 slime creatures
  A snapping turtle (shapeshifter) (Vaults:5)
  A fire giant simulacrum (Vaults:3)
  8 spriggans
  3 vampires
  8 wraiths
  4 air elementals
  6 redbacks
  5 water elementals
  2 shadows
  11 yaks
  9 basilisks
  A basilisk (shapeshifter) (Elf:3)
  6 fire elementals
  A steam dragon (Lair:6)
  Grum (D:8)
  A hog (shapeshifter) (Vaults:4)
  2 chaos spawn (Depths:2)
  13 vampire mosquitoes
  3 wyverns
  3 hungry ghosts
  5 wargs
  25 insubstantial wisps
  7 mottled dragons
  A water moccasin (shapeshifter) (Depths:3)
  40 nagas
  20 swamp worms
  Duvessa (D:7)
  7 porcupines
  7 water moccasins
  2 floating eyes (Depths:3)
  6 hell hounds (Lair:6)
  A meliai simulacrum (D:12)
  11 swamp drakes
  13 ice beasts
  49 orc warriors
  A black bear (D:7)
  2 sky beasts
  3 eyes of draining
  2 phantoms
  8 boggarts
  A necrophage (D:13)
  23 wolves
  21 centaurs
  55 ogres
  17 crocodiles
  6 big kobolds
  19 bullfrogs
  3 earth elementals
  A glowing shapeshifter simulacrum (Vaults:2)
  A wyvern zombie (D:12)
  3 scorpions
  Dowan (D:7)
  11 killer bees
  A human simulacrum (Vaults:2)
  11 electric eels
  7 wights
  3 howler monkeys
  5 lava snakes (Lair:6)
  9 crimson imps
  A bullfrog zombie (D:13)
  5 jellies
  7 hounds
  2 bullfrog skeletons
  40 orc priests
  Terence (D:2)
  Natasha (thrice) (D:4)
  5 iguanas
  39 orc wizards
  A polar bear simulacrum (D:15)
  9 worker ants
  4 yak simulacra (D:15)
  A killer bee zombie (D:9)
  4 wolf simulacra (D:15)
  4 hound zombies
  A hound skeleton (D:5)
  10 gnolls
  23 adders
  6 shadow imps
  11 white imps
  5 ufetubi
  An ooze (D:1)
  3 adder skeletons
  2 worms (D:2)
  2 dart slugs
  5 leopard geckos
  90 orcs
  7 bats
  6 giant cockroaches
  9 goblins
  6 hobgoblins
  8 jackals
  3 quokkas
  2 ball pythons
  5 frilled lizards
  29 kobolds
  2 leopard gecko skeletons (D:8)
  A leopard gecko zombie (D:6)
  3 quokka skeletons
  11 rats
  2 river rat simulacra (D:15)
  A briar patch (Swamp:3)
  A crawling corpse (Vaults:2)
  3 fungi (D:9)
  A plant (Lair:6)
2145 creatures vanquished.

Vanquished Creatures (collateral kills)
  A deep elf blademaster (Elf:3)
  A frost giant (Depths:2)
  A fire giant (Elf:3)
  A very ugly thing (Depths:1)
  A stone giant (Depths:1)
  A spriggan air mage (Depths:1)
  2 ice dragons
  An ogre mage (Depths:2)
  2 deep elf archers
  A mana viper (shapeshifter) (Depths:1)
  4 ugly things (Depths:1)
  2 two-headed ogres (Depths:2)
  A spriggan (Depths:1)
19 creatures vanquished.

Vanquished Creatures (others)
  A reaper (IceCv)
  A stone giant (Depths:2)
  A deep elf annihilator (Elf:3)
  2 deep elf knights (Elf:1)
  2 deep elf magi (Elf:1)
  A tyrant leech (Swamp:2)
  2 humans (D:14)
  An orc warrior (Vaults:1)
  An ogre (Vaults:5)
  An orc priest (D:10)
  An orc wizard (D:14)
  A white imp (D:12)
  6 ufetubi (IceCv)
  3 orcs
  3 bushes (D:6)
  8 fungi
35 creatures vanquished.

Grand Total: 2199 creatures vanquished

Notes
Turn   | Place    | Note
-------+----------+-------------------------------------------
     0 | D:1      | Jarno the Gargoyle Monk began the quest for the Orb.
     0 | D:1      | Reached XP level 1. HP: 14/14 MP: 1/1
     0 | D:1      | Noticed a felid
     3 | D:1      | Noticed a human
     9 | D:1      | Noticed a draconian
    13 | D:1      | Noticed a human
    15 | D:1      | Noticed an octopode
    19 | D:1      | Noticed a troll
    43 | D:1      | Reached XP level 2. HP: 11/19 MP: 2/2
   479 | D:1      | Reached skill level 1 in Armour
   639 | D:1      | Reached XP level 3. HP: 14/23 MP: 3/3
  1022 | D:2      | Found an iron altar of Okawaru.
  1036 | D:2      | Became a worshipper of Warmaster Okawaru
  1036 | D:2      | Reached * piety under Okawaru
  1036 | D:2      | Reached ** piety under Okawaru
  1041 | D:2      | Noticed Terence
  1076 | D:2      | Killed Terence
  1076 | D:2      | Reached XP level 4. HP: 15/28 MP: 2/4
  1462 | D:2      | Reached skill level 1 in Invocations
  1580 | D:3      | Reached XP level 5. HP: 32/32 MP: 5/5
  1915 | D:3      | Noticed Sigmund
  2570 | D:4      | Reached XP level 6. HP: 35/38 MP: 7/7
  2875 | D:4      | Found a burning altar of Makhleb.
  2880 | D:4      | Found a glowing silver altar of Zin.
  2880 | D:4      | Noticed an angel
  2880 | D:4      | Noticed a green death
  2972 | D:4      | Found a glowing golden altar of the Shining One.
  2986 | D:4      | Found a radiant altar of Vehumet.
  2986 | D:4      | Noticed Natasha
  2997 | D:4      | Killed Natasha
  3098 | D:4      | Found a white marble altar of Elyvilon.
  3117 | D:4      | Found a bloodstained altar of Trog.
  3366 | D:4      | Reached skill level 4 in Fighting
  3492 | D:4      | Noticed Natasha
  3524 | D:4      | Killed Natasha
  3568 | D:5      | Entered Level 5 of the Dungeon
  3675 | D:5      | Reached skill level 5 in Maces & Flails
  3675 | D:5      | Reached XP level 7. HP: 38/44 MP: 7/9
  3950 | D:5      | Reached *** piety under Okawaru
  4509 | D:6      | Reached XP level 8. HP: 28/48 MP: 10/10
  4735 | D:6      | Found a blossoming altar of Fedhas.
  5664 | D:7      | Reached skill level 5 in Armour
  5740 | D:6      | Reached skill level 1 in Slings
  5751 | D:6      | Reached **** piety under Okawaru
  5803 | D:6      | Reached skill level 5 in Fighting
  5864 | D:6      | Noticed a yaktaur
  5899 | D:6      | Reached skill level 5 in Invocations
  5899 | D:6      | Reached XP level 9. HP: 16/54 MP: 9/12
  6217 | D:7      | Found a staircase to the Ecumenical Temple.
  6282 | D:7      | Noticed Duvessa
  6282 | D:7      | Noticed Dowan
  6307 | D:7      | Killed Dowan
  6312 | D:7      | Killed Duvessa
  6497 | D:7      | Noticed Prince Ribbit
  6515 | D:7      | Killed Prince Ribbit
  6713 | D:7      | Noticed a hornet
  6729 | D:7      | Killed a hornet
  6867 | D:8      | Noticed Grum
  6888 | D:7      | Reached ***** piety under Okawaru
  6924 | D:8      | Killed Grum
  6924 | D:8      | Reached skill level 6 in Fighting
  7092 | D:8      | Reached XP level 10. HP: 57/60 MP: 14/14
  7330 | D:8      | Noticed a hill giant
  7331 | D:8      | Noticed a centaur warrior
  7351 | D:8      | Killed a hill giant
  7365 | D:8      | Killed a centaur warrior
  7365 | D:8      | Received a gift from Okawaru
  8246 | D:9      | Found a staircase to the Lair.
  8330 | D:9      | Reached skill level 10 in Maces & Flails
  8519 | D:9      | Received a gift from Okawaru
  8535 | D:9      | Reached skill level 7 in Fighting
  8570 | D:9      | Reached skill level 1 in Bows
  8642 | D:9      | Reached XP level 11. HP: 51/67 MP: 13/16
  9008 | D:6      | Received a gift from Okawaru
  9281 | D:9      | Found a staircase to the Orcish Mines.
  9319 | Orc:1    | Entered Level 1 of the Orcish Mines
  9636 | Orc:1    | Noticed an orc sorcerer
  9640 | Orc:1    | Noticed an orc sorcerer
  9641 | Orc:1    | Noticed a sixfirhy
  9643 | Orc:1    | Noticed a soul eater
  9645 | Orc:1    | Killed an orc sorcerer
  9647 | Orc:1    | Killed an orc sorcerer
  9647 | Orc:1    | Received a gift from Okawaru
  9756 | Orc:1    | Noticed an orc knight
  9774 | Orc:1    | Killed an orc knight
  9837 | Orc:2    | Entered Level 2 of the Orcish Mines
  9897 | Orc:1    | Noticed an orc sorcerer
  9897 | Orc:1    | Noticed an orc sorcerer
  9897 | Orc:1    | Paralysed by an orc sorcerer for 6 turns
  9922 | Orc:2    | Killed an orc sorcerer
  9930 | Orc:2    | Killed an orc sorcerer
  9930 | Orc:2    | Reached skill level 1 in Evocations
  9935 | Orc:2    | Reached skill level 8 in Fighting
 10102 | Orc:2    | Received a gift from Okawaru
 10149 | Orc:2    | Noticed an orc high priest
 10447 | Orc:2    | Killed an orc high priest
 10447 | Orc:2    | Reached skill level 1 in Crossbows
 10503 | Orc:2    | Found a staircase to the Elven Halls.
 10612 | Orc:2    | Reached skill level 10 in Armour
 10669 | Orc:2    | Reached XP level 12. HP: 54/74 MP: 18/18
 10676 | Orc:2    | Received a gift from Okawaru
 10700 | Orc:2    | Found Naxusi's Assorted Antiques.
 10923 | Orc:2    | Noticed an orc high priest
 10934 | Orc:2    | Killed an orc high priest
 11970 | Orc:2    | Noticed an orc high priest
 11985 | Orc:2    | Killed an orc high priest
 12395 | Orc:2    | Noticed a sun demon
 12515 | Orc:2    | Noticed an orc warlord
 12588 | Orc:2    | Killed an orc warlord
 12588 | Orc:2    | Received a gift from Okawaru
 12588 | Orc:2    | Reached skill level 9 in Fighting
 12589 | Orc:2    | Noticed an orc high priest
 12603 | Orc:2    | Killed an orc high priest
 13112 | Orc:2    | Found Mycsixyn's Antique Armour Emporium.
 13113 | Orc:2    | Found Gideyram's Antique Weapon Shoppe.
 13114 | Orc:2    | Found Oroqom's General Store.
 13114 | Orc:2    | Found Cufush's Jewellery Emporium.
 13128 | Orc:2    | Bought a glowing cloak for 210 gold pieces
 13133 | Orc:2    | Bought a distressingly furry ring mail for 180 gold pieces
 13133 | Orc:2    | Bought a pair of boots for 90 gold pieces
 13133 | Orc:2    | Bought a transparent ring mail for 180 gold pieces
 13143 | Orc:2    | Bought a scroll of identify for 34 gold pieces
 13143 | Orc:2    | Identified the +9 ring mail of Serendipity {rPois Regen+ Dex-2} (You bought it in a shop on level 2 of the Orcish Mines)
 13144 | Orc:2    | Identified the cursed +1 ring mail of Yghes {*Slow rElec rN+ Dex+5} (You bought it in a shop on level 2 of the Orcish Mines)
 13359 | Lair:1   | Entered Level 1 of the Lair of Beasts
 13607 | Lair:1   | Found a radiant altar of Vehumet.
 14052 | Lair:2   | Noticed an eight-headed hydra
 14064 | Lair:2   | Killed an eight-headed hydra
 14064 | Lair:2   | Reached XP level 13. HP: 70/80 MP: 11/19
 14133 | Lair:2   | Found a staircase to the Snake Pit.
 14232 | Lair:2   | Noticed Gastronok
 14233 | Lair:2   | Noticed Sonja
 14253 | Lair:2   | Killed Sonja
 14268 | Lair:2   | Killed Gastronok
 14268 | Lair:2   | Received a gift from Okawaru
 14364 | Lair:2   | Reached skill level 5 in Dodging
 14484 | Lair:2   | Reached skill level 10 in Fighting
 14567 | Lair:2   | Received a gift from Okawaru
 14567 | Lair:2   | Reached ****** piety under Okawaru
 14570 | Lair:2   | Got an ancient triple crossbow {god gift}
 14572 | Lair:2   | Identified the +5 triple crossbow of Extremism {freeze, rF+ rC- Str+9 Stlth-} (Okawaru gifted it to you on level 2 of the Lair of Beasts)
 15869 | Lair:3   | Received a gift from Okawaru
 15887 | Lair:3   | Found a staircase to the Swamp.
 16417 | Lair:4   | Received a gift from Okawaru
 17162 | Lair:5   | Gained mutation: Your large and strong wings let you fly indefinitely. [Gargoyle growth]
 17162 | Lair:5   | Reached XP level 14. HP: 88/88 MP: 20/20
 17339 | Lair:5   | Noticed Josephine
 17349 | Lair:5   | Killed Josephine
 17349 | Lair:5   | Reached skill level 15 in Maces & Flails
 17465 | Lair:5   | Reached skill level 11 in Fighting
 17599 | Lair:6   | Entered Level 6 of the Lair of Beasts
 17689 | Lair:6   | Received a gift from Okawaru
 17703 | Lair:6   | Got a pitted great mace {god gift}
 17704 | Lair:6   | Identified the +2 great mace of Okawaru's Regard {elec, MR+ Int+2} (Okawaru gifted it to you on level 6 of the Lair of Beasts)
 17719 | Lair:6   | Reached skill level 10 in Invocations
 17968 | Lair:6   | Found a viscous altar of Jiyva.
 17969 | Lair:6   | Found a staircase to the Slime Pits.
 18174 | Lair:6   | Reached skill level 5 in Crossbows
 18374 | Lair:6   | Received a gift from Okawaru
 18527 | Lair:6   | Found a large runed door.
 18528 | Lair:6   | Found a large runed door.
 18661 | Lair:6   | Identified a scroll of acquirement
 19124 | D:10     | Entered Level 10 of the Dungeon
 19216 | D:10     | Found a portal to a secret trove of treasure.
 19368 | D:10     | Noticed Nergalle
 19380 | D:10     | Killed Nergalle
 19380 | D:10     | Received a gift from Okawaru
 19822 | D:11     | Noticed Andry07's ghost (novice GrFi)
 19836 | D:11     | Killed Andry07's ghost
 19979 | D:11     | Noticed Malachi's ghost (journeyman DsAs)
 20018 | D:11     | Killed Malachi's ghost
 20397 | D:12     | Found Pyzuduxt's General Store.
 20409 | D:12     | Bought a scroll of teleportation for 48 gold pieces
 20450 | D:12     | Found a frozen archway.
 20475 | D:12     | Reached XP level 15. HP: 43/95 MP: 15/22
 20574 | D:12     | Received a gift from Okawaru
 20618 | IceCv    | Entered an ice cave
 21548 | D:12     | Reached skill level 12 in Fighting
 22053 | D:12     | Noticed a fire giant
 22053 | D:12     | Noticed a sphinx
 22524 | D:11     | Killed a fire giant
 22768 | D:12     | Killed a sphinx
 23237 | D:13     | Received a gift from Okawaru
 23240 | D:13     | Got a brightly glowing longbow {god gift}
 23241 | D:13     | Identified the +6 longbow of Mourning {freeze, rF+ Str+3} (Okawaru gifted it to you on level 13 of the Dungeon)
 23254 | D:13     | Noticed Nessos
 23292 | D:13     | Killed Nessos
 23836 | D:13     | Received a gift from Okawaru
 24976 | D:14     | Found Tekuur's Assorted Antiques.
 24980 | D:14     | Bought a silver ring for 105 gold pieces
 24980 | D:14     | Bought a scroll of teleportation for 63 gold pieces
 24980 | D:14     | Bought a potion of haste for 210 gold pieces
 24980 | D:14     | Bought a scroll of identify for 42 gold pieces
 25006 | D:14     | Found Nisyigg's Assorted Antiques.
 25014 | D:14     | Bought a scroll of blinking for 187 gold pieces
 25014 | D:14     | Bought 3 scrolls of blinking for 562 gold pieces
 25039 | D:14     | Received a gift from Okawaru
 25044 | D:14     | Reached XP level 16. HP: 90/103 MP: 23/23
 25075 | D:14     | Found Oskanlae's Magic Scroll Emporium.
 25083 | D:14     | Bought a scroll of teleportation for 57 gold pieces
 25083 | D:14     | Bought a scroll of teleportation for 57 gold pieces
 25083 | D:14     | Bought a scroll of fog for 38 gold pieces
 25083 | D:14     | Upgraded the game from 0.19.0-11-g3fc08b3 to 0.19.0-16-g73b5abf
 25120 | D:14     | Noticed Louise
 25136 | D:14     | Cast into level 3 of the Abyss (Louise)
 25136 | Abyss:3  | Found a corrupted altar of Lugonu.
 25195 | D:14     | Escaped the Abyss
 25203 | D:14     | Killed Louise
 25230 | D:14     | Found Zaxos's Armour Emporium.
 25352 | D:14     | Received a gift from Okawaru
 25394 | D:14     | Found Paug's Antique Armour Boutique.
 25429 | D:14     | Noticed Kirke
 25441 | D:14     | Noticed a sphinx
 25454 | D:14     | Killed Kirke
 25454 | D:14     | Reached skill level 13 in Fighting
 25463 | D:14     | Found a gate to the Vaults.
 25607 | D:14     | Noticed Frances
 25624 | D:14     | Killed Frances
 25822 | D:15     | Entered Level 15 of the Dungeon
 26573 | D:15     | Found a staircase to the Depths.
 27110 | Swamp:1  | Entered Level 1 of the Swamp
 27253 | Swamp:1  | Received a gift from Okawaru
 27260 | Swamp:1  | Got an encrusted crystal plate armour {god gift}
 27271 | Swamp:1  | Identified the +3 crystal plate armour of the Game of Kings {Str+5 Int+3 Dex-4} (Okawaru gifted it to you on level 1 of the Swamp)
 27375 | Swamp:1  | Identified a +2 pair of boots of running (You acquired it on level 1 of the Swamp)
 27753 | Swamp:2  | Reached skill level 15 in Armour
 28708 | Swamp:2  | Reached XP level 17. HP: 97/110 MP: 24/24
 29203 | Swamp:3  | Noticed Nikola
 29222 | Swamp:3  | Killed Nikola
 29222 | Swamp:3  | Reached skill level 14 in Fighting
 29264 | Swamp:3  | Received a gift from Okawaru
 29605 | Swamp:3  | Identified the ring "Cunimm" {rF+ rC+} (You found it on level 3 of the Swamp)
 29744 | Swamp:4  | Entered Level 4 of the Swamp
 30351 | Swamp:4  | Received a gift from Okawaru
 30427 | Swamp:4  | Received a gift from Okawaru
 30895 | Swamp:4  | Got a decaying rune of Zot
 31387 | Vaults:1 | Entered Level 1 of the Vaults
 31738 | Vaults:1 | Reached skill level 15 in Fighting
 31755 | Vaults:1 | Received a gift from Okawaru
 31755 | Vaults:1 | Reached XP level 18. HP: 108/119 MP: 19/25
 32320 | Vaults:1 | Identified the Compendium of Shape Shifting
 32466 | Vaults:1 | Received a gift from Okawaru
 32540 | Vaults:1 | Received a gift from Okawaru
 32997 | Vaults:1 | Reached skill level 16 in Fighting
 33142 | Vaults:1 | You are sucked into a shaft!
 33142 | Vaults:2 | Noticed Jory
 33176 | Vaults:2 | Killed Jory
 33407 | Vaults:2 | Received a gift from Okawaru
 33652 | Vaults:2 | Noticed Bai Suzhen
 33682 | Vaults:2 | Killed Bai Suzhen
 33853 | Vaults:2 | Received a gift from Okawaru
 33882 | Vaults:2 | Reached XP level 19. HP: 127/127 MP: 26/26
 33937 | Vaults:2 | Noticed Asterion
 33976 | Vaults:2 | Killed Asterion
 33984 | Vaults:2 | Reached skill level 17 in Fighting
 33994 | Vaults:2 | Received a gift from Okawaru
 35555 | Vaults:2 | Identified the Tome of the Voyage
 35892 | Vaults:3 | Received a gift from Okawaru
 36538 | Vaults:3 | Reached skill level 18 in Fighting
 36712 | Vaults:3 | Found a staircase to the Crypt.
 36712 | Vaults:3 | Found an ancient bone altar of Kikubaaqudgha.
 36713 | Vaults:3 | Found a basalt altar of Yredelemnul.
 36982 | Vaults:3 | Received a gift from Okawaru
 37168 | Vaults:3 | Noticed a tentacled monstrosity
 37178 | Vaults:3 | Killed a tentacled monstrosity
 37178 | Vaults:3 | Received a gift from Okawaru
 37208 | Vaults:3 | Received a gift from Okawaru
 37517 | Vaults:4 | Reached XP level 20. HP: 127/136 MP: 27/27
 37640 | Vaults:4 | Received a gift from Okawaru
 37761 | Vaults:4 | Received a gift from Okawaru
 37792 | Vaults:4 | Received a gift from Okawaru
 37858 | Vaults:4 | Received a gift from Okawaru
 38231 | Vaults:4 | Received a gift from Okawaru
 38239 | Vaults:4 | Reached skill level 19 in Fighting
 38241 | Vaults:4 | Reached skill level 10 in Crossbows
 38244 | Vaults:4 | Got a heavily runed hat {god gift}
 38255 | Vaults:4 | Identified the +2 hat of the Land of Plenty {rN++ Slay+3 SInv} (Okawaru gifted it to you on level 4 of the Vaults)
 39766 | Snake:1  | Entered Level 1 of the Snake Pit
 40414 | Snake:1  | Received a gift from Okawaru
 40860 | Snake:2  | Reached XP level 21. HP: 145/145 MP: 28/28
 40878 | Snake:2  | Noticed Roxanne
 41065 | Snake:2  | Reached skill level 20 in Fighting
 41120 | Snake:2  | Noticed Aizul
 41134 | Snake:2  | Killed Aizul
 41310 | Snake:2  | Noticed Vashnia
 41330 | Snake:2  | Killed Vashnia
 41630 | Snake:2  | Noticed Jorgrun
 41637 | Snake:2  | Killed Jorgrun
 41765 | Snake:2  | Killed Roxanne
 41803 | Snake:3  | Found Aquozet's Magic Scroll Emporium.
 41816 | Snake:3  | Bought a scroll of identify for 26 gold pieces
 41816 | Snake:3  | Bought a scroll of blinking for 97 gold pieces
 41816 | Snake:3  | Bought a scroll of identify for 26 gold pieces
 41816 | Snake:3  | Bought a scroll of identify for 26 gold pieces
 41816 | Snake:3  | Bought a scroll of fog for 26 gold pieces
 41816 | Snake:3  | Bought a scroll of teleportation for 39 gold pieces
 41816 | Snake:3  | Bought 3 scrolls of recharging for 370 gold pieces
 41816 | Snake:3  | Bought a scroll of identify for 26 gold pieces
 42080 | Snake:3  | Noticed Bluestream's ghost (adept MiFi)
 42088 | Snake:3  | Killed Bluestream's ghost
 42167 | Snake:3  | Received a gift from Okawaru
 43059 | Snake:4  | Entered Level 4 of the Snake Pit
 43079 | Snake:4  | Received a gift from Okawaru
 43082 | Snake:4  | Got a smoking cloak {god gift}
 43096 | Snake:4  | Identified the +0 cloak of Boch {rC+ Str+3} (Okawaru gifted it to you on level 4 of the Snake Pit)
 43182 | Snake:4  | Noticed Mara
 43220 | Snake:4  | Noticed Jarno's illusion
 43227 | Snake:4  | Killed Mara
 43234 | Snake:4  | Reached XP level 22. HP: 115/153 MP: 26/29
 43556 | Snake:4  | Reached skill level 15 in Crossbows
 44098 | Snake:4  | Got a serpentine rune of Zot
 44289 | Snake:4  | Received a gift from Okawaru
 44505 | D:4      | Noticed Natasha
 44507 | D:4      | Killed Natasha
 44550 | D:4      | Fell from the grace of Okawaru
 44550 | D:4      | Became a worshipper of Trog the Wrathful
 44731 | Elf:1    | Entered Level 1 of the Elven Halls
 44764 | Elf:1    | Reached skill level 21 in Fighting
 44781 | Elf:1    | Found Umaa's Distillery.
 44820 | Elf:1    | Reached XP level 23. HP: 159/160 MP: 30/30
 44830 | Elf:1    | Bought a potion of ambrosia for 104 gold pieces
 44830 | Elf:1    | Bought a potion of agility for 52 gold pieces
 44830 | Elf:1    | Bought a potion of agility for 52 gold pieces
 44830 | Elf:1    | Bought a potion of cure mutation for 325 gold pieces
 44830 | Elf:1    | Bought a potion of agility for 52 gold pieces
 44830 | Elf:1    | Bought a potion of haste for 130 gold pieces
 44911 | Elf:1    | Reached * piety under Trog
 45063 | Elf:1    | Reached ** piety under Trog
 45369 | Elf:1    | Reached *** piety under Trog
 45853 | Elf:2    | Found Uclabed's Jewellery Shop.
 45858 | Elf:2    | Reached **** piety under Trog
 45943 | Elf:2    | Found a huge runed gate.
 45943 | Elf:2    | Found a huge runed gate.
 45943 | Elf:2    | Found a huge runed gate.
 45950 | Elf:2    | Found a huge runed gate.
 45951 | Elf:2    | Found a huge runed gate.
 46257 | Elf:3    | Entered Level 3 of the Elven Halls
 47301 | Elf:3    | Reached ***** piety under Trog
 47345 | Elf:3    | Got a distressingly furry crystal plate armour
 47346 | Elf:3    | Identified the +7 crystal plate armour "Lais" {*Slow rPois rF+ Int+4 Stlth+} (You took it off a deep elf blademaster on level 3 of the Elven Halls)
 47401 | Elf:3    | Received a gift from Trog
 47621 | Elf:3    | Got a fine amber ring
 47953 | Elf:3    | Identified the ring "Fiaczokhis" {*Slow rPois rN+ MR+ Stlth+} (You took it off a deep elf master archer on level 3 of the Elven Halls)
 47973 | Elf:3    | Received a gift from Trog
 48010 | Elf:3    | Reached skill level 22 in Fighting
 48059 | Elf:3    | Got a shimmering arbalest
 48062 | Elf:3    | Identified the +5 arbalest "Aciesaptuo" {penet, MR+ MP-9 Dex+6} (You found it on level 3 of the Elven Halls)
 48068 | Elf:3    | Received a gift from Trog
 49130 | Elf:3    | Received a gift from Trog
 49779 | Depths:1 | Entered Level 1 of the Depths
 49785 | Depths:1 | Reached XP level 24. HP: 168/168 MP: 30/30
 49968 | Depths:1 | Found Tiuw's Gadget Shoppe.
 49969 | Depths:1 | Found Uceim's Jewellery Shop.
 49969 | Depths:1 | Found Kaucubb's Jewellery Shop.
 50321 | Depths:1 | Noticed the Enchantress
 50431 | Depths:1 | Killed the Enchantress
 50453 | Depths:1 | Identified the +1 faerie dragon scales {rPois} (You took it off the Enchantress on level 1 of the Depths)
 50685 | Depths:1 | Found Houji's Pet Rocks.
 50693 | Depths:1 | Received a gift from Trog
 51164 | Depths:1 | Found Haajiwk's Antique Weapon Emporium.
 51253 | Depths:1 | Found a gateway to Hell.
 51398 | Depths:1 | Found a one-way gate to the infinite horrors of the Abyss.
 51736 | Depths:2 | Gained mutation: Your magical capacity is low. (-10% MP) [a shining eye]
 51854 | Depths:2 | Received a gift from Trog
 52125 | Depths:2 | Received a gift from Trog
 52281 | Depths:2 | Received a gift from Trog
 52416 | Depths:2 | Received a gift from Trog
 52420 | Depths:2 | Reached skill level 23 in Fighting
 52508 | Depths:2 | Received a gift from Trog
 53644 | Depths:3 | Got a transparent wooden ring
 53646 | Depths:3 | Identified the ring of Homoejor {rElec MR+ Dex+7 Slay-4} (You found it on level 3 of the Depths)
 53669 | Depths:3 | Received a gift from Trog
 53714 | Depths:3 | Reached XP level 25. HP: 146/176 MP: 27/27
 53792 | Depths:3 | Got a glittering iron ring
 53795 | Depths:3 | Identified the ring of Sitra {rF- Str+8 SInv} (You found it on level 3 of the Depths)
 54371 | Depths:3 | Found Huymim's Antique Weapon Shop.
 54628 | Depths:2 | Was forgiven by Okawaru
 54800 | Depths:2 | Upgraded the game from 0.19.0-16-g73b5abf to 0.19.0-18-g426998a
 54903 | Depths:3 | Reached ****** piety under Trog
 54903 | Depths:3 | Received a gift from Trog
 54989 | Depths:3 | Received a gift from Trog
 55117 | Depths:3 | Received a gift from Trog
 55141 | Depths:3 | Found a one-way gate leading to the halls of Pandemonium.
 55416 | Depths:3 | Got a transparent tin ring
 55418 | Depths:3 | Identified the ring "Yzxed" {+Fly Int+2 Dex+5} (You found it on level 3 of the Depths)
 55450 | Depths:3 | Received a gift from Trog
 55686 | Depths:3 | Found Utuimp's Food Boutique.
 55891 | Depths:1 | Bought an uncursed amulet of guardian spirit for 600 gold pieces
 56151 | Vaults:5 | Entered Level 5 of the Vaults
 56533 | Vaults:5 | Reached skill level 24 in Fighting
 56557 | Vaults:5 | Received a gift from Trog
 56693 | Vaults:5 | Reached XP level 26. HP: 92/184 MP: 24/27
 56711 | Vaults:5 | Noticed Saint Roka
 56728 | Vaults:5 | Killed Saint Roka
 57149 | Vaults:5 | Received a gift from Trog
 57165 | Vaults:5 | Noticed Frederick
 57185 | Vaults:5 | Killed Frederick
 57192 | Vaults:5 | Noticed an ancient lich
 57196 | Vaults:5 | Killed from afar by a hellion

Skill      XL: |  1  2  3  4  5  6  7  8  9 10 11 12 13 14 15 16 17 18 19 20 21 22 23 24 25 26 |
---------------+-------------------------------------------------------------------------------+-----
Armour         | 1 2 3 4 5 6 8 10 11 13 15 16 18 19 20 21 22 23 | 23.2
Maces & Flails | 4 5 7 8 10 11 13 14 16 17 18 19 20 21 | 21.5
Invocations    | 1 2 3 5 6 7 8 9 10 | 10.3
Dodging        | 3 4 5 6 |  6.2
Fighting       | 4 5 6 7 8 9 10 11 12 13 15 16 18 19 20 21 22 23 24 | 24.5
Slings         | 1 |  1.1
Bows           | 1 2 |  2.3
Evocations     | 1 2 3 |  3.2
Crossbows      | 1 4 5 6 8 11 14 15 17 18 | 18.1
Stealth        | |  2.1

Action                   |  1- 3 |  4- 6 |  7- 9 | 10-12 | 13-15 | 16-18 | 19-21 | 22-24 | 25-27 || total
-------------------------+-------+-------+-------+-------+-------+-------+-------+-------+-------++-------
Melee: Mace              |    95 |   201 |   565 |   315 |       |       |       |       |       ||  1176
       Punch             |       |       |     5 |     2 |       |       |       |       |       ||     7
       Great mace        |       |       |       |   594 |  1365 |  1607 |  1270 |  1587 |   661 ||  7084
 Fire: Hunting sling     |       |       |    11 |       |       |       |       |       |       ||    11
       Longbow           |       |       |       |    13 |       |       |       |       |       ||    13
       Hand crossbow     |       |       |       |     5 |       |       |       |       |       ||     5
       Arbalest          |       |       |       |     1 |       |       |       |   284 |   113 ||   398
       Triple crossbow   |       |       |       |       |    23 |    12 |    78 |    26 |       ||   139
Throw: Stone             |       |     2 |       |       |       |       |       |       |       ||     2
Invok: Heroism           |     1 |     2 |    12 |    17 |    21 |    12 |     8 |     2 |       ||    75
       Finesse           |       |       |       |    12 |    10 |    10 |     5 |     2 |       ||    39
       Trog's Hand       |       |       |       |       |       |       |       |     5 |     4 ||     9
       Burn Spellbooks   |       |       |       |       |       |       |       |     6 |     1 ||     7
       Brothers in Arms  |       |       |       |       |       |       |       |     6 |       ||     6
       Berserk           |       |       |       |       |       |       |       |     1 |     5 ||     6
 Abil: Stop Flying       |       |       |       |       |       |     1 |       |       |       ||     1
       Fly               |       |       |       |       |       |       |     1 |       |       ||     1
Evoke: Wand              |       |       |     8 |     4 |     8 |     3 |     1 |     5 |       ||    29
       Sack of spiders   |       |       |       |       |       |       |     1 |       |       ||     1
       Lamp of fire      |       |       |       |       |       |       |       |     2 |       ||     2
       Box of beasts     |       |       |       |       |       |       |       |     1 |       ||     1
  Use: Scroll            |       |     8 |    10 |     3 |    31 |    16 |     8 |    11 |     6 ||    93
       Potion            |       |       |       |     3 |     4 |     2 |     5 |     4 |     2 ||    20
 Stab: Distracted        |       |       |       |       |     1 |       |       |     2 |       ||     3
  Eat: Chunk             |     1 |     8 |     4 |    20 |    13 |    11 |    13 |    10 |     8 ||    88
       Pizza             |       |       |     2 |     1 |     2 |       |     1 |       |     1 ||     7
       Royal jelly       |       |       |     1 |       |     1 |       |       |     1 |       ||     3
       Beef jerky        |       |       |     1 |       |       |     1 |       |     3 |       ||     5
       Fruit             |       |       |     8 |       |    21 |    11 |    12 |    12 |       ||    64
       Meat ration       |       |       |       |       |     2 |       |     1 |     1 |       ||     4
       Bread ration      |       |       |       |       |       |       |       |     2 |     1 ||     3
Armor: Robe              |     6 |       |       |       |       |       |       |       |       ||     6
       Scale mail        |    49 |    65 |       |       |       |       |       |       |       ||   114
       Ring mail         |       |     8 |   125 |    20 |   411 |       |       |       |       ||   564
       Chain mail        |       |       |   225 |   350 |       |       |       |       |       ||   575
       Plate armour      |       |       |       |   244 |       |       |       |       |       ||   244
       Gold dragon scale |       |       |       |       |   374 |       |       |       |       ||   374
       Crystal plate arm |       |       |       |       |   347 |  1611 |  1056 |  1634 |   741 ||  5389
Dodge: Dodged            |    73 |   121 |   411 |   434 |   634 |   501 |   373 |   531 |   259 ||  3337
